Map: Pylon LE

Players

herO

  • Race: Protoss Protoss
  • Spawn Location: 11:00

VITmaru (Maru) - Winner!

  • Race: Terran Terran
  • Spawn Location: 5:00

Event: DreamHack Dallas 2025

VOD

Have the link to the VOD?

Description

Time

  • Played on: May 25, 2025, 10:14 a.m.
  • Length: 14:21

All games in this series

Show
View Real Time Build Order
Export as new Build Order

herO Protoss 

Build Orders: 1 Gate Expand, Blink Stalkers 

Get SALT Encoding   

  12  0:00  Probe  
  13  0:12  Probe  
  14  0:17  Pylon  
  14  0:23  Probe  
  15  0:31  Probe  
  15  0:37  Gateway  
  15  0:39  Probe  
  16  0:46  Assimilator  
  17  0:51  Probe  
  18  1:03  Probe  
  19  1:18  Nexus  
  19  1:27  Cybernetics Core  
  19  1:30  Probe  
  20  1:36  Assimilator  
  20  1:42  Probe  
  20  1:45  Pylon  
  21  1:54  Adept, Probe  
  22  2:04  Warp Gate  
  22  2:06  Probe  
  25  2:13  Stalker  
  25  2:18  Probe  
  26  2:24  Twilight Council  
  28  2:30  Probe x2  
  30  2:39  Stalker  
  30  2:41  Probe  
  30  2:42  Probe  
  32  2:49  Probe  
  33  2:54  Probe  
  33  2:57  Gateway  
  33  2:58  Probe  
  35  2:59  Blink  
  36  3:06  Probe  
  37  3:13  Probe  
  37  3:19  Robotics Facility  
  38  3:24  Pylon  
  38  3:25  Probe  
  38  3:26  Probe  
  40  3:34  Gateway  
  40  3:38  Probe  
  40  3:39  Probe  
  41  3:51  Stalker x2  
  41  3:52  Probe  
  41  3:53  Probe  
  47  3:56  Pylon  
  47  3:57  Warp Prism  
  47  4:04  Probe  
  47  4:06  Probe  
  51  4:17  Stalker x2  
  51  4:19  Probe x2  
  51  4:23  Assimilator  
  57  4:32  Probe x2  
  57  4:34  Stalker  
  61  4:44  Probe  
  62  4:46  Pylon  
  62  4:52  Pylon  
  62  5:00  Charge  
  62  5:02  Nexus  
  62  5:04  Observer, Probe x2  
  63  5:18  Probe x2  
  65  5:22  Stalker x3, Observer  
  65  5:25  Pylon  
  71  5:36  Probe x2  
  71  5:40  Shield Battery  
  70  5:48  Stalker x3  
  75  5:52  Probe x2  
  75  6:04  Probe x2  
  77  6:14  Probe x2  
  75  6:18  Probe  
  75  6:21  Stalker x3  
  75  6:22  Probe x2  
  75  6:24  Shield Battery  
  82  6:27  Probe, Shield Battery  
  82  6:31  Probe x2  
  85  6:34  Forge  
  85  6:35  Forge  
  85  6:37  Probe  
  88  6:43  Probe x2  
  87  6:47  Stalker  
  87  6:48  Stalker x2  
  87  6:49  Probe  
  91  6:55  Probe  
  91  6:59  Immortal  
  89  7:02  Gateway  
  89  7:04  Gateway  
  89  7:06  Gateway  
  92  7:08  Gateway x2  
  90  7:25  Stalker x3  
  94  7:30  Probe x3  
  94  7:31  Gateway  
  94  7:32  Assimilator, Gateway  
  94  7:36  Assimilator  
  97  7:38  Photon Cannon, Protoss Ground Weapons Level 1, Pylon  
  97  7:39  Shield Battery  
  97  7:40  Protoss Ground Armor Level 1  
  97  7:42  Shield Battery  
  95  7:54  Immortal  
  95  7:58  Zealot  
  95  7:59  Zealot x2  
  95  8:03  Probe  
  95  8:04  Pylon  
  95  8:05  Zealot, Pylon  
  108  8:09  Pylon x2  
  108  8:10  Pylon  
  108  8:13  Assimilator  
  108  8:24  Robotics Bay  
  108  8:27  Pylon  
  108  8:28  Immortal  
  108  8:30  Pylon  
  108  8:31  Sentry  
  114  8:34  Zealot  
  114  8:35  Zealot x3  
  122  8:45  Nexus  
  122  8:47  Shield Battery  
  122  8:50  Sentry  
  122  8:51  Zealot  
  126  8:55  Zealot  
  126  8:56  Zealot  
  126  9:00  Pylon  
  130  9:04  Zealot x2  
  138  9:18  Zealot x4  
  116  9:28  Zealot x4  
  116  9:29  Zealot  
  108  9:44  Stalker x4  
  104  9:53  Stalker x2  
  104  9:54  Stalker x2  
  101  10:14  Robotics Facility  
  101  10:16  Stalker x4  
  101  10:17  Robotics Facility  
  104  10:33  Zealot x2  
  84  11:30  Pylon  
  84  11:31  Nexus  
  78  11:52  Photon Cannon x2  
  7  14:05  Pylon  
Show
View Real Time Build Order
Export as new Build Order

VITmaru Terran - Winner!

Build Orders: Cyclone Opening 

Get SALT Encoding   

  12  0:00  SCV  
  13  0:12  SCV  
  14  0:17  Supply Depot  
  14  0:24  SCV  
  15  0:38  SCV  
  15  0:40  Barracks  
  15  0:42  Refinery  
  16  0:50  SCV  
  16  0:52  Refinery  
  17  1:03  SCV  
  18  1:15  SCV  
  19  1:27  Reaper, Orbital Command  
  20  1:40  Factory  
  20  1:49  Supply Depot  
  20  1:52  SCV  
  21  1:59  Barracks Tech Lab  
  21  2:05  SCV  
  22  2:17  SCV  
  22  2:18  Command Center  
  23  2:29  SCV  
  24  2:33  Cyclone  
  27  2:41  Starport, SCV  
  28  2:48  Supply Depot, Barracks Reactor  
  27  2:53  SCV  
  28  3:05  Widow Mine, SCV  
  31  3:17  Medivac, SCV  
  34  3:24  Marine x2  
  34  3:26  Widow Mine  
  38  3:29  Barracks, SCV  
  39  3:36  Orbital Command  
  39  3:41  SCV  
  40  3:48  Siege Tank  
  40  3:51  Starport Tech Lab  
  40  3:53  SCV  
  44  3:57  Marine x2  
  46  4:04  SCV  
  46  4:06  Supply Depot, SCV  
  48  4:10  Raven  
  48  4:16  SCV  
  51  4:18  SCV  
  51  4:21  Bunker  
  51  4:24  Refinery  
  52  4:28  SCV  
  52  4:30  Supply Depot, SCV  
  52  4:33  Siege Tank  
  52  4:34  Marine x3  
  58  4:40  SCV  
  58  4:42  Barracks, SCV  
  60  4:50  Engineering Bay  
  60  4:52  Supply Depot, SCV  
  61  4:54  SCV  
  61  4:57  Marine x2  
  64  5:04  SCV  
  64  5:05  Siege Tank  
  64  5:06  SCV  
  69  5:11  Marine  
  66  5:15  Marine x2  
  66  5:17  SCV  
  66  5:18  SCV  
  66  5:22  Terran Infantry Weapons Level 1  
  66  5:28  Marine  
  66  5:31  SCV  
  66  5:33  Marine  
  65  5:37  SCV  
  65  5:39  Supply Depot, Siege Tank  
  69  5:43  Marine x2  
  69  5:45  Supply Depot  
  69  5:48  Refinery  
  69  5:49  SCV  
  73  5:51  Barracks Tech Lab  
  73  5:54  Marine  
  73  5:55  SCV  
  74  6:01  Marine, SCV  
  71  6:07  SCV  
  69  6:12  Starport Reactor  
  69  6:14  Siege Tank, SCV  
  69  6:18  Marine x3  
  70  6:19  Marine  
  70  6:20  SCV  
  70  6:25  Barracks  
  75  6:26  Supply Depot, Barracks, SCV  
  76  6:36  Marine x3  
  76  6:37  Marauder  
  80  6:42  SCV  
  80  6:44  SCV  
  69  6:54  Marauder, SCV  
  69  6:55  Marine  
  69  6:56  SCV  
  69  6:58  Marauder  
  69  7:00  Siege Tank  
  77  7:07  SCV  
  77  7:08  SCV  
  79  7:09  Marine  
  79  7:10  Refinery  
  79  7:13  Marine  
  81  7:15  Medivac  
  81  7:16  Marauder  
  81  7:18  Stimpack  
  81  7:19  Marine  
  81  7:20  SCV  
  88  7:25  Supply Depot  
  88  7:26  Supply Depot, Barracks Tech Lab  
  88  7:27  Marine  
  88  7:28  Marine  
  89  7:30  Marine  
  89  7:31  Medivac  
  89  7:33  Factory Reactor  
  92  7:37  Marauder  
  92  7:39  Marine  
  90  7:44  Combat Shield  
  90  7:45  Marauder  
  90  7:46  Marine  
  90  7:47  Marine  
  90  7:48  Marine  
  95  7:56  Medivac  
  95  7:57  Marine  
  98  7:59  Marauder  
  98  8:04  Marine x2  
  102  8:06  Marine, Marauder  
  102  8:07  Supply Depot  
  102  8:10  Widow Mine x2  
  102  8:11  Supply Depot  
  109  8:15  Marine  
  109  8:16  Supply Depot, Medivac  
  112  8:20  Marauder  
  112  8:22  Marine x2  
  112  8:24  Marine  
  117  8:29  Marauder, Medivac  
  117  8:30  Supply Depot  
  117  8:33  Marine  
  124  8:34  Widow Mine  
  124  8:40  Marine x2  
  128  8:41  Marauder  
  128  8:43  Widow Mine  
  130  8:49  Medivac  
  130  8:50  Marine x2  
  130  8:51  Marauder  
  135  8:58  Concussive Shells  
  135  9:00  Marine  
  138  9:03  Marine, Marauder  
  138  9:12  Marine x2  
  140  9:20  Marine  
  134  9:24  Marine, Marauder  
  128  9:33  Marine x2  
  128  9:37  Marine  
  127  9:45  Medivac  
  128  9:50  Marine  
  124  9:56  Medivac  
  124  10:01  SCV  
  112  10:17  Widow Mine, Marine  
Tags
 
Add a new tag
Caveats
  • Supply blocks, unpowered buildings, or Contaminate may cause inaccurate times.
  • Supply counts are checked every 10 seconds.